 Dungeon Crawl Stone Soup version 0.31.0-12-g77e489cdc1 (webtiles) character file.

Game seed: 7509934982117032633

13973 monsoonserge the Skirmisher (level 12, -5/81 HPs)
             Began as a Formicid Hexslinger on Feb 25, 2024.
             Was a Believer of Hepliaklqana.
             Slain by a black mamba (15 damage)
             ... on level 1 of the Lair of Beasts on Feb 26, 2024.
             The game lasted 00:55:55 (12871 turns).

monsoonserge the Skirmisher (Formicid Hexslinger)  Turns: 12871, Time: 00:55:56

Health: -5/81      AC:  5    Str: 13    XL:     12   Next: 39%
Magic:  1/19       EV: 13    Int: 16    God:    Hepliaklqana [**....]
Gold:   456        SH:  0    Dex: 18    Spells: 0/21 levels left

rFire   . . .        J - +3 orcbow (flame)
rCold   . . .        (no shield)
rNeg    . . .        M - +0 leather armour
rPois   .            (helmet unavailable)
rElec   .            L - +0 cloak
rCorr   .            (no gloves)
SInv    +            N - +0 pair of boots
Will    +....        (no amulet)
Stlth   ++           C - ring of wizardry
HPRegen 0.33/turn    (no ring)
MPRegen 0.16/turn

%: wizardry (x1)
@: portalling projectiles
A: reduced essence, permanent stasis, dig shafts and tunnels, antennae 3, four
strong arms
a: Dig, Shaft Self, Renounce Religion, Recall Ancestor, Ancestor Identity


You were on level 1 of the Lair of Beasts.
You worshipped Hepliaklqana.
Hepliaklqana was pleased with you.
You visited 3 branches of the dungeon, and saw 13 of its levels.

You collected 784 gold pieces.
You spent 328 gold pieces at shops.

Inventory:

Hand Weapons
 e - a +2 arbalest of draining
 J - a +3 orcbow of flaming (weapon)
Missiles
 k - 27 poisoned darts
 F - 4 atropa-tipped darts
Armour
 L - a +0 cloak (worn)
 M - a +0 leather armour (worn)
 N - a +0 pair of boots (worn)
Jewellery
 g - a ring of ice
 z - an amulet of faith
 C - a ring of wizardry (left hand)
Talismans
 y - a beast talisman
Wands
 t - a wand of iceblast (2)
 A - a wand of flame (21)
 B - a wand of acid (11)
 H - a wand of mindburst (3)
 K - a wand of digging (5)
Scrolls
 b - 6 scrolls of poison
 d - 4 scrolls of enchant weapon {unknown}
 f - 5 scrolls of teleportation {unknown}
 j - 3 scrolls of fog
 l - a scroll of acquirement {unknown}
 n - 3 scrolls of blinking {unknown}
 p - 3 scrolls of vulnerability {unknown}
 r - 2 scrolls of fear {unknown}
 s - a scroll of enchant armour {unknown}
 v - 2 scrolls of amnesia {unknown}
 w - a scroll of revelation {unknown}
 G - a scroll of brand weapon {unknown}
Potions
 a - 2 potions of invisibility
 c - a potion of heal wounds {unknown}
 h - a potion of resistance
 i - 2 potions of degeneration {unknown}
 m - 6 potions of curing
 q - 2 potions of attraction {unknown}
 u - 3 potions of might
 x - 2 potions of mutation
 D - 4 potions of brilliance
 E - 2 potions of lignification
 I - a potion of cancellation {unknown}
Miscellaneous
 o - a phial of floods


   Skills:
 + Level 7.6 Fighting
 + Level 14.5 Ranged Weapons
 + Level 2.3 Armour
 + Level 2.9 Dodging
 - Level 1.0 Stealth
 + Level 5.3 Spellcasting
 + Level 9.9 Hexes
 - Level 2.0 Translocations
 - Level 2.0 Fire Magic
 * Level 1.5 Alchemy
 + Level 0.8 Evocations


You couldn't memorise any spells.
You knew the following spells:

 Your Spells              Type           Power      Damage    Failure   Level
a - Jinxbite              Hex            72%        N/A       1%          2
b - Inner Flame           Hex/Fire       23%        N/A       1%          3
c - Cause Fear            Hex            18%        N/A       1%          4
d - Tukima's Dance        Hex            36%        N/A       1%          3
e - Dimensional Bullseye  Hex/Tloc       11%        N/A       6%          4
f - Yara's Violent Unrav  Hex/Alch       11%        3d6       21%         5

Your spell library contained the following spells:

 Spells                   Type           Power      Damage    Failure   Level
 Sigil of Binding         Hex            36%        N/A       1%          3
 Apportation              Tloc           20%        N/A       3%          1
 Dazzling Flash           Conj/Hex       40%        N/A       3%          3
 Lesser Beckoning         Tloc           20%        N/A       5%          2
 Sting                    Conj/Alch      24%        1d4       6%          1
 Necrotise                Necr           16%        1d4       8%          1
 Summon Small Mammal      Summ           16%        N/A       8%          1
 Gell's Gravitas          Tloc           10%        N/A       11%         3
 Teleport Other           Tloc           10%        N/A       11%         3
 Mephitic Cloud           Conj/Alch/Air  5%         N/A       17%         3
 Silence                  Hex/Air        10%        N/A       26%         5
 Passage of Golubria      Tloc           10%        N/A       32%         4
 Alistair's Intoxication  Alch           6%         N/A       69%         5
 Enfeeble                 Hex            18%        N/A       69%         7
 Arcjolt                  Conj/Air       2%         1d12      88%         5
 Curse of Agony           Necr           4%         N/A       88%         5
 Maxwell's Capacitive Co  Air            2%         ∞         100%        8
 Vhi's Electric Charge    Tloc/Air       Unusable   N/A       N/A         4

Dungeon Overview and Level Annotations

Branches:
Dungeon (11/15)            Temple (1/1) D:6            Lair (1/5) D:9
    Orc (0/2) D:10

Altars:
Ashenzari
Cheibriados
Dithmenos
Elyvilon
Fedhas
Gozag
Hepliaklqana
Kikubaaqudgha
Makhleb
Nemelex Xobeh
Okawaru
Qazlal
Ru
Sif Muna
Trog
Uskayaw
Vehumet
Wu Jian
Xom
Yredelemnul
Zin
The Shining One

Shops:
D:3 *   D:8 *:

Annotations:
D:8 2 transporters, theodolus's ghost, novice DECj
D:9 fly for staff


Innate Abilities, Weirdness & Mutations

Your life essence is reduced to manifest your ancestor. (-10% HP)
You cannot be hasted, slowed, berserked, paralysed or teleported.
You can dig through walls and to a lower floor.
You have a pair of large antennae on your head. (SInv)
Your four strong arms can wield two-handed weapons with a shield.


Message History

You are no longer poisoned.
The wolf bites you.
* * * LOW HITPOINT WARNING * * *
The wolf bites you but does no damage.
It was a potion of curing.
You feel better. The wolf closely misses you. x2
The wolf bites you.
* * * LOW HITPOINT WARNING * * *
The wolf misses you.
The blink frog blinks!
Fire: J) +3 orcbow (flame)
Press: ? - help, Q - select action, (/) - cycle Shift-Dir - straight line, f - black mamba, p - wolf
Aim: a black mamba (55% to hit)
You shoot an arrow. The arrow hits the wolf!
The arrow burns the wolf.
You kill the wolf!
The black mamba seems to regain its courage.
The wolf bites you!
* * * LOW HITPOINT WARNING * * *
Fire: J) +3 orcbow (flame)
Press: ? - help, Q - select action, (/) - cycle Shift-Dir - straight line, f - wolf, p - black mamba
Aim: a wolf (ally target, 55% to hit)
You shoot an arrow. The arrow misses the wolf.
Zada avoids your attack. The wolf bites you.
* * * LOW HITPOINT WARNING * * *
Zada hits the wolf with a +0 flail!
The wolf closely misses you.
Fire: J) +3 orcbow (flame)
Press: ? - help, Q - select action, (/) - cycle Shift-Dir - straight line, f/p - wolf
Aim: a wolf (heavily wounded, ally target, 55% to hit)
You shoot an arrow. The arrow closely misses the wolf.
Zada avoids your attack.
Your projectile teleports!
The arrow misses the blink frog.
The wolf completely misses you.
The blink frog blinks!
Fire: J) +3 orcbow (flame)
Press: ? - help, Q - select action, (/) - cycle Shift-Dir - straight line, f - black mamba, p - wolf
Aim: a black mamba (55% to hit)
You shoot an arrow. The arrow hits the black mamba.
The arrow burns the black mamba.
The black mamba is lightly wounded.
Your projectile teleports!
The arrow barely misses the blink frog.
The wolf barely misses you.
Zada misses the wolf.
The black mamba bites you!
You die...

#...........>.....#####
#................##
#................#
#................#
#................# ##
#..........F.....##.###
......................#
#.....................#
#...##........Rh@.....#
#... ##........S?.....#
.. #.......†.......#
#......†.....$..#
#............$..#
#.........).....#
...h............#
.§.....§........#
.....h.........#


You could see the friendly Zada the knight, a black mamba, a blink frog
(bullseye target) and 2 wolves.

Vanquished Creatures
  A two-headed ogre (D:8)
  An ugly thing (D:11)
  A manticore (D:11)
  Maurice (D:10)
  A gargoyle (D:11)
  A cane toad (Lair:1)
  A troll (D:11)
  A polar bear (Lair:1)
  A hornet (D:10)
  A blink frog (Lair:1)
  A shadow (D:9)
  4 wyverns
  2 wraiths
  16 yaks
  2 basilisks (D:9)
  Menkaure (D:6)
  4 water moccasins
  4 orc warriors
  A black bear (D:5)
  A sky beast (D:8)
  2 wolves (Lair:1)
  2 centaurs
  An ogre (D:5)
  A phantom (D:4)
  4 kobold brigands
  4 bullfrogs
  A gnoll sergeant (D:8)
  2 scorpions (D:6)
  15 wights
  5 howler monkeys
  4 electric eels (D:7)
  2 jellies (D:4)
  2 hounds
  2 orc priests
  A gnoll bouda (D:8)
  5 iguanas
  2 sleepcaps
  Jessica (D:2)
  Terence (D:2)
  6 orc wizards
  6 adders
  A shadow imp (D:6)
  2 white imps
  4 dart slugs
  29 orcs
  5 bats
  3 endoplasms
  2 giant cockroaches
  8 hobgoblins
  15 jackals
  25 kobolds
  4 quokkas
  5 ball pythons
  3 frilled lizards
  5 goblins
  7 rats
233 creatures vanquished.

Vanquished Creatures (collateral kills)
  3 two-headed ogres
  A troll (D:10)
  A shadow (D:11)
  A slime creature (D:8)
  The ghost of Gadfly the Trooper, an amateur OnBe of Trog (D:4)
  A wraith (D:10)
  A yak (D:11)
  An orc warrior (D:10)
  A centaur (D:8)
  A bullfrog (D:9)
  A gnoll sergeant (D:8)
  A scorpion (D:9)
  An orc priest (D:8)
  4 orcs
19 creatures vanquished.

Vanquished Creatures (others)
  3 dancing weapons
  2 knights (D:10)
  6 ancestors
11 creatures vanquished.

Grand Total: 263 creatures vanquished

Notes
Turn   | Place    | Note
-------+----------+-------------------------------------------
     0 | D:1      | monsoonserge the Formicid Hexslinger began the quest for
                  | the Orb.
     0 | D:1      | Reached XP level 1. HP: 15/15 MP: 2/2
    91 | D:1      | Reached XP level 2. HP: 21/21 MP: 3/3
   202 | D:1      | Reached XP level 3. HP: 21/26 MP: 4/4
   205 | D:1      | Learned a level 2 spell: Jinxbite
   563 | D:1      | Reached skill level 3 in Ranged Weapons
   901 | D:2      | Reached XP level 4. HP: 32/32 MP: 5/5
   917 | D:2      | Noticed Jessica
   925 | D:2      | Killed Jessica
  1182 | D:2      | Noticed Terence
  1187 | D:2      | Killed Terence
  1188 | D:2      | Reached skill level 4 in Ranged Weapons
  1188 | D:2      | Reached XP level 5. HP: 37/37 MP: 3/6
  1679 | D:3      | Found a white marble altar of Elyvilon.
  1711 | D:3      | Found Illiomn's Assorted Antiques.
  1720 | D:3      | Bought a scroll labelled LISINI PAENOWKYSS for 23 gold
                  | pieces
  1720 | D:3      | Bought a scroll labelled MUFOSY WIZIEQE for 23 gold pieces
  1720 | D:3      | Bought a scroll labelled ATOKHL DEMPEAGU for 23 gold pieces
  1720 | D:3      | Bought a wooden wand for 92 gold pieces
  1720 | D:3      | Bought a glowing white potion for 20 gold pieces
  1720 | D:3      | Bought a glowing white potion for 20 gold pieces
  1882 | D:4      | Noticed a phantom
  1901 | D:4      | Killed a phantom
  1902 | D:4      | Reached skill level 5 in Ranged Weapons
  1902 | D:4      | Reached XP level 6. HP: 22/44 MP: 2/8
  2022 | D:4      | Learned a level 3 spell: Inner Flame
  2317 | D:4      | Found a large runed translucent door.
  2317 | D:4      | Found a large runed translucent door.
  2319 | D:4      | Noticed Gadfly's ghost (amateur OnBe)
  2406 | D:4      | Reached XP level 7. HP: 49/49 MP: 6/9
  2533 | D:5      | Entered Level 5 of the Dungeon
  2746 | D:5      | Reached skill level 6 in Ranged Weapons
  2746 | D:5      | Reached skill level 5 in Hexes
  3019 | D:6      | Noticed a water moccasin
  3038 | D:6      | Killed a water moccasin
  3046 | D:6      | Learned a level 4 spell: Cause Fear
  3053 | D:6      | Noticed Menkaure
  3060 | D:6      | Killed Menkaure
  3061 | D:6      | Reached skill level 7 in Ranged Weapons
  3061 | D:6      | Reached XP level 8. HP: 27/57 MP: 6/11
  3874 | D:6      | Reached skill level 8 in Ranged Weapons
  4260 | D:6      | Learned a level 3 spell: Tukima's Dance
  4281 | D:6      | Reached skill level 1 in Stealth
  4378 | D:6      | Found a staircase to the Ecumenical Temple.
  4387 | Temple   | Found a transporter.
  4387 | Temple   | Found a transporter.
  4387 | Temple   | Found a transporter.
  4387 | Temple   | Found a transporter.
  4387 | Temple   | Entered the Ecumenical Temple
  4428 | Temple   | Became a worshipper of Hepliaklqana the Forgotten
  4460 | D:6      | Found an opulent altar of Gozag.
  4466 | D:6      | Found a glowing golden altar of the Shining One.
  4519 | D:6      | Reached XP level 9. HP: 57/64 MP: 13/13
  5771 | D:7      | Found a snail-covered altar of Cheibriados.
  5923 | D:7      | Reached skill level 9 in Ranged Weapons
  6993 | D:8      | Found a transporter.
  6993 | D:8      | Found Qonnou Nahudd's General Store.
  7049 | D:8      | Found a transporter.
  7060 | D:8      | Bought 4 atropa-tipped darts for 39 gold pieces
  7060 | D:8      | Bought 2 potions of brilliance for 88 gold pieces
  7192 | D:8      | Found a transporter.
  7195 | D:8      | Noticed a moth of wrath
  7199 | D:8      | Found a bloodstained altar of Trog.
  7199 | D:8      | Found a transporter.
  7209 | D:8      | Noticed theodolus's ghost (novice DECj)
  7218 | D:8      | Noticed a two-headed ogre
  7279 | D:8      | Reached * piety under Hepliaklqana
  7329 | D:8      | Found Xeurilo's Tiny Tomes.
  7365 | D:8      | Reached skill level 5 in Fighting
  7365 | D:8      | Reached skill level 10 in Ranged Weapons
  7680 | D:8      | Noticed a two-headed ogre
  7892 | D:8      | Reached XP level 10. HP: 64/66 MP: 14/14
  8174 | D:8      | Reached skill level 11 in Ranged Weapons
  8254 | D:8      | Identified the +2 battleaxe "Tyllah" {protect, Str-3 Int+5}
  8364 | D:8      | Killed a two-headed ogre
  8483 | D:8      | Noticed a two-headed ogre
  8487 | D:8      | Killed a two-headed ogre
  8488 | D:8      | Reached skill level 12 in Ranged Weapons
  8640 | D:9      | Reached XP level 11. HP: 68/72 MP: 10/15
  8670 | D:9      | Learned a level 4 spell: Dimensional Bullseye
  8729 | D:9      | Found a staircase to the Lair.
  9350 | D:9      | Reached skill level 13 in Ranged Weapons
 10086 | D:10     | Entered Level 10 of the Dungeon
 10187 | D:10     | Noticed a two-headed ogre
 10195 | D:10     | Killed a two-headed ogre
 10196 | D:10     | Reached skill level 1 in Translocations
 10343 | D:10     | Found a staircase to the Orcish Mines.
 10358 | D:10     | Reached ** piety under Hepliaklqana
 10359 | D:10     | Remembered your ancestor Zada as a knight
 10484 | D:10     | Noticed Maurice
 10495 | D:10     | Maurice stole a +2 arbalest of draining
 10497 | D:10     | Maurice stole a phial of floods
 10501 | D:10     | Killed Maurice
 10944 | D:10     | Found a shimmering altar of Xom.
 10945 | D:10     | Found a shimmering altar of Xom.
 10946 | D:10     | Found a shimmering altar of Xom.
 10946 | D:10     | Found a shimmering altar of Xom.
 10947 | D:10     | Found a shimmering altar of Xom.
 11353 | D:11     | Reached skill level 14 in Ranged Weapons
 11353 | D:11     | Reached skill level 1 in Armour
 11536 | D:11     | Reached XP level 12. HP: 57/81 MP: 7/18
 12006 | D:11     | Noticed a two-headed ogre
 12013 | D:11     | Killed a two-headed ogre
 12014 | D:11     | Reached skill level 5 in Spellcasting
 12389 | D:4      | Killed Gadfly's ghost
 12805 | D:9      | Learned a level 5 spell: Yara's Violent Unravelling
 12806 | Lair:1   | Entered Level 1 of the Lair of Beasts
 12852 | Lair:1   | Reached skill level 1 in Alchemy
 12871 | Lair:1   | Slain by a black mamba

Illustrated notes

Levels and vault maps discovered:
D:1:      onia_arrival_pyramid, layout_loops_ring
D:2:      layout_loops_ring, uniq_terence, uniq_jessica
D:3:      layout_basic, mainiacjoe_overflow_alcove_4, serial_shops,
          nicolae_shop_rolling_square, serial_glass, glass_columns_c,
          glass_columns_b
D:4:      layout_cave_pools, ebering_ghost_disaster_area
D:5:      layout_basic
D:6:      layout_rooms, mainiacjoe_overflow_catwalk_spiral,
          minmay_temple_entry_overgrown, uniq_menkaure
D:7:      wad_lake_hut, layout_loops_cross, overflow_temple_1_default
D:8:      kennysheep_windowed_halls, layout_loops_ring,
          gammafunk_ghost_wrathful_warriors, serial_shops,
          nicolae_shop_drivethru, minmay_strange_pillars, hangedman_decor_push,
          nicolae_shop_i_like_small_books_too
D:9:      minmay_weird_star, layout_grid_maze, minmay_lair_entry_grove
D:10:     layout_loops_cross, xom_shifter_show, david_orc_2,
          dreamdust_mushroom_princess, uniq_maurice
D:11:     layout_stronghold
Temple:   hellmonk_temple_divided_pantheon
Lair:1:   layout_small_grid

Skill      XL: |  1  2  3  4  5  6  7  8  9 10 11 12 |
---------------+-------------------------------------+-----
Hexes          | 4 5 6 7 8 9 |  9.9
Ranged Weapons | 3 4 5 7 8 10 12 14 | 14.5
Fire Magic     | 2 |  2.0
Fighting       | 2 3 5 6 7 |  7.6
Dodging        | 2 |  2.9
Spellcasting   | 2 3 4 5 |  5.3
Stealth        | 1 |  1.0
Translocations | 2 |  2.0
Armour         | 1 2 |  2.3
Alchemy        | 1 |  1.5
Evocations     | |  0.8

Action                     |  1- 3 |  4- 6 |  7- 9 | 10-12 || total
---------------------------+-------+-------+-------+-------++-------
   Fire: Sling             |    91 |   138 |   121 |       ||   350
         Orcbow            |       |       |   234 |   328 ||   562
   Cast: Jinxbite          |     1 |     9 |    32 |    15 ||    57
         Tukima's Dance    |       |       |     1 |    15 ||    16
         Cause Fear        |       |       |     1 |     6 ||     7
         Inner Flame       |       |       |       |     2 ||     2
         Dimensional Bulls |       |       |       |     4 ||     4
 Invoke: Recall Ancestor   |       |       |       |     1 ||     1
         Ancestor Life: Kn |       |       |       |     1 ||     1
Ability: Dig               |     2 |       |       |     2 ||     4
  Evoke: Wand              |       |       |       |     5 ||     5
    Use: Scroll            |       |     4 |     2 |     2 ||     8
         Potion            |       |       |       |     2 ||     2
 Armour: Robe              |    25 |    42 |   123 |    34 ||   224
         Leather armour    |       |       |       |    49 ||    49
  Dodge: Dodged            |    30 |    40 |   102 |    77 ||   249
